 Dungeon Crawl Stone Soup version 0.32-a0-441-gaf4921d101 (webtiles) character file.

Game seed: 12736067831418667002

896 Essalna the Magician (level 7, -8/39 HPs)
             Began as a Deep Elf Fire Elementalist on Feb 23, 2024.
             Killed from afar by an orc wizard (18 damage)
             ... with a bolt of light
             ... on level 6 of the Dungeon.
             The game lasted 00:08:36 (6020 turns).

Essalna the Magician (Deep Elf Fire Elementalist)   Turns: 6020, Time: 00:08:36

Health: -8/39      AC:  6    Str:  5    XL:     7   Next: 79%
Magic:  24/27      EV: 18    Int: 22    God:
Gold:   9          SH:  4    Dex: 18    Spells: 5/18 levels left

rFire   . . .        v - +5 dagger of Ambiguity {chaos, rElec rC+ rCorr Dex+3}
rCold   + . .        D - +0 buckler
rNeg    . . .        a - +0 robe
rPois   .            n - +0 helmet
rElec   +            (no cloak)
rCorr   +            p - +1 pair of gloves
SInv    .            i - +0 pair of boots
Will    .....        (no amulet)
Stlth   ++           F - ring of magical power
HPRegen 0.26/turn    y - +5 ring of evasion
MPRegen 0.20/turn

%: no passive effects
@: no status effects
A: no striking features
a: no special abilities


You were on level 6 of the Dungeon.
You visited 1 branch of the dungeon, and saw 6 of its levels.

You collected 249 gold pieces.
You spent 240 gold pieces at shops.

Inventory:

Hand Weapons
 e - a +0 rapier
 r - a +0 dagger of flaming
 v - the +5 dagger of Ambiguity (weapon) {chaos, rElec rC+ rCorr Dex+3}
   (You found it on level 2 of the Dungeon)

   Dex+3:     It affects your dexterity (+3).
   rC+:       It protects you from cold.
   rElec:     It insulates you from electricity.
   rCorr:     It protects you from acid and corrosion.
Armour
 a - a +0 robe (worn)
 i - a +0 pair of boots (worn)
 n - a +0 helmet (worn)
 p - a +1 pair of gloves (worn)
 B - an orb of light
 D - a +0 buckler (worn)
Jewellery
 l - a +6 ring of dexterity
 y - a +5 ring of evasion (right hand)
 F - a ring of magical power (left hand)
Scrolls
 c - 2 scrolls of identify {unknown}
 g - 4 scrolls of revelation {unknown}
 j - 3 scrolls of teleportation {unknown}
 m - 4 scrolls of noise {unknown}
 t - a scroll of amnesia {unknown}
 z - a scroll of summoning {unknown}
 A - a scroll of fear {unknown}
 C - a scroll of enchant armour {unknown}
Potions
 b - a potion of magic
 d - 3 potions of mutation {unknown}
 f - a potion of enlightenment {unknown}
 h - 5 potions of curing {unknown}
 k - 2 potions of ambrosia {unknown}
 o - a potion of might {unknown}
 q - a potion of experience {unknown}
 s - a potion of degeneration {unknown}
 u - 2 potions of heal wounds {unknown}
 w - a potion of cancellation {unknown}
 x - a potion of brilliance {unknown}
 E - a potion of attraction {unknown}


   Skills:
 + Level 1.8 Fighting
 + Level 1.9 Armour
 + Level 4.0 Dodging
 - Level 2.4 Stealth
 + Level 0.0 Shields
 - Level 6.0 Spellcasting
 + Level 4.8 Conjurations
 + Level 5.7 Fire Magic
 + Level 1.8 Air Magic


You had 5 spell levels left.
You knew the following spells:

 Your Spells              Type           Power      Damage    Failure   Level
a - Foxfire               Conj/Fire      100%       2x1d9     1%          1
b - Scorch                Fire           62%        2d7       2%          2
c - Flame Wave            Conj/Fire      29%        2d9       21%         4
d - Plasma Beam           Fire/Air       11%        2x1d22    99%         6

Your spell library contained the following spells:

 Spells                   Type           Power      Damage    Failure   Level
 Inner Flame              Hex/Fire       19%        N/A       16%         3
 Volatile Blastmotes      Fire/Tloc      38%        2d13      16%         3
 Sandblast                Erth           12%        2d6       17%         1
 Call Imp                 Summ           12%        N/A       26%         2
 Ensorcelled Hibernation  Hex/Ice        12%        N/A       26%         2
 Sublimation of Blood     Necr           6%         N/A       26%         2
 Fugue of the Fallen      Necr           6%         N/A       45%         3
 Sticky Flame             Fire/Alch      19%        2d6       47%         4
 Vhi's Electric Charge    Tloc/Air       20%        N/A       77%         4
 Arcjolt                  Conj/Air       10%        1d20      77%         5
 Anguish                  Hex/Necr       3%         N/A       86%         4
 Summon Hydra             Summ           3%         N/A       100%        7


Dungeon Overview and Level Annotations

Branches:
Dungeon (6/15)
 Temple: D:4-7

Altars:
Dithmenos
Fedhas
Okawaru
Qazlal
Sif Muna
Wu Jian

Shops:
D:1 [   D:6 =


Message History

The orc priest calls down the wrath of Beogh upon you.
Beogh smites you!
The orc priest shouts, "Beogh offers mercy even to people such as you.
Join us and be reborn!" (press Y on the ability menu to convert to Beogh)
You bump into the rock wall.
You're too confused to cast spells.
Okay, then.
You're too confused to move!
The orc wizard closely misses you.
The orc wizard zaps a wand.
The bolt of light misses you.
You bump into the rock wall.
The orc wizard points at you and mumbles some strange words.
The magic dart hits you.
You bump into the rock wall.
The orc priest invokes the aid of Beogh against you.
Pain shoots through your body!
You bump into the rock wall.
You feel less confused. The orc priest closely misses you.
The orc wizard mumbles some strange words.
The orc wizard flickers and vanishes!
Deactivating autopickup; reactivate with Ctrl-A.
The orc priest mumbles some strange prayers to Beogh against you.
Pain shoots through your body!
* * * LOW HITPOINT WARNING * * *
Casting: Foxfire (safe; 1% risk of failure)
Confirm with . or Enter, or press ? or * to list all spells.
You conjure some foxfire!
The foxfire hits the orc priest!
The orc priest is heavily wounded.
Casting: Foxfire (safe; 1% risk of failure)
Confirm with . or Enter, or press ? or * to list all spells.
Flames lash the orc priest.
The orc priest shouts, "The Pantheon deserves no one's loyalty.
Let us show you the true path!"
The orc priest is almost dead.
The orc priest's fire resistance burns away.
The foxfire hits the orc priest!
The orc priest is burned terribly!
You kill the orc priest!
You hear a zap.
A bolt of light appears from out of thin air!
The bolt of light hits you!!
You die...

...#.#....##..........##.........
...#......##..#######............
..............# ##...........
.....#.#.#....# ##..........
...#..#.#..##..## ##...........
...#.#.∩.#.###.{# #.............
..##..#.#..# #.###..............
..#..#.#.#.# #.)#......
...........# ##@.......
#........#######§.......
##......................
........####............
..###..## #####........ .## ##.##
#........ ## #..# ##........ #
##.# #......... # #.##
##.........


There were no monsters in sight!

Vanquished Creatures
  An ice beast (D:5)
  A sky beast (D:6)
  An ogre (D:6)
  A phantom (D:5)
  A gnoll sergeant (D:6)
  3 hounds (D:5)
  3 orc priests
  2 gnoll boudas (D:6)
  An iguana (D:5)
  3 adders
  14 gnolls
  2 dart slugs
  2 ribbon worms
  4 orcs (D:3)
  7 ball pythons
  16 endoplasms
  6 giant cockroaches (D:1)
  5 goblins
  6 hobgoblins
  11 jackals
  8 kobolds
  6 quokkas
  5 bats
  3 frilled lizards
  8 rats
120 creatures vanquished.

Vanquished Creatures (others)
  An orc (D:3)
  463 foxfires
464 creatures vanquished.

Grand Total: 584 creatures vanquished

Notes
Turn   | Place    | Note
-------+----------+-------------------------------------------
     0 | D:1      | Essalna the Deep Elf Fire Elementalist began the quest for
                  | the Orb.
     0 | D:1      | Reached XP level 1. HP: 10/10 MP: 6/6
    51 | D:1      | Found a runed translucent door.
   267 | D:1      | Reached XP level 2. HP: 15/15 MP: 1/8
  1027 | D:1      | Reached XP level 3. HP: 19/19 MP: 3/10
  1231 | D:1      | Found Esorig's Armour Emporium.
  1309 | D:1      | Reached skill level 4 in Spellcasting
  1527 | D:2      | You fall into a shaft and drop 2 floors!
  1708 | D:3      | Found a shimmering blue altar of Sif Muna.
  1709 | D:3      | Found an iron altar of Okawaru.
  1774 | D:3      | Found a shadowy altar of Dithmenos.
  1776 | D:3      | Found a blossoming altar of Fedhas.
  2079 | D:2      | Reached XP level 4. HP: 24/24 MP: 8/12
  2217 | D:2      | Found a faded altar of an unknown god.
  2222 | D:2      | Got Plato's Catalogue of the Mountains
  2648 | D:2      | Identified the +5 dagger of Ambiguity {chaos, rElec rC+
                  | rCorr Dex+3}
  3308 | D:3      | Learned a level 2 spell: Scorch
  3313 | D:3      | Learned a level 4 spell: Flame Wave
  3330 | D:3      | Reached XP level 5. HP: 23/28 MP: 5/14
  3335 | D:3      | Reached skill level 5 in Spellcasting
  4469 | D:5      | Entered Level 5 of the Dungeon
  4469 | D:5      | Noticed a phantom
  4474 | D:5      | Killed a phantom
  4475 | D:5      | Reached skill level 5 in Fire Magic
  4475 | D:5      | Reached XP level 6. HP: 29/32 MP: 10/16
  4523 | D:5      | Noticed an ice beast
  4529 | D:5      | Killed an ice beast
  4884 | D:5      | Found an ornate altar of the Wu Jian Council.
  5151 | D:5      | Found a stormy altar of Qazlal.
  5218 | D:5      | Reached skill level 1 in Fighting
  5218 | D:5      | Reached skill level 1 in Armour
  5334 | D:6      | Reached skill level 6 in Spellcasting
  5334 | D:6      | Reached XP level 7. HP: 35/38 MP: 8/18
  5404 | D:6      | Learned a level 6 spell: Plasma Beam
  5570 | D:6      | Reached skill level 1 in Air Magic
  5900 | D:6      | Found Qymiboa's Jewellery Boutique.
  5908 | D:6      | Bought a ring of magical power for 240 gold pieces
  6020 | D:6      | Killed from afar by an orc wizard

Illustrated notes

Levels and vault maps discovered:
D:1:      dpeg_arrival_caged_fury, layout_loops_ring, serial_shops,
          nicolae_shop_back_alley_shop, minmay_tiny_reverse_x
D:2:      layout_loops_ring, shapermc_ecumenical_altar_rom_forum,
          minmay_quadrilaterals
D:3:      layout_loops_cross, nicolae_overflow_macrodata_refinement,
          serial_aquarium, aquarium_bridge_straight [aquarium_subvault_bridge,
          aquarium_subvault_wall, aquarium_subvault_bridge,
          aquarium_subvault_balcony], aquarium_bridge_square
          [aquarium_subvault_wall, aquarium_subvault_bridge,
          aquarium_subvault_window, aquarium_subvault_bridge],
          aquarium_window_1, aquarium_window_fake, aquarium_window_2,
          aquarium_window_2, aquarium_view_2d, aquarium_view_2c
D:4:      layout_basic, chequers_jeans
D:5:      layout_gridville, mainiacjoe_overflow_six_doors_small,
          mainiacjoe_overflow_boulevard
D:6:      layout_layer_cave, minmay_temple_entry_arrows, serial_shops,
          nicolae_shop_gaudy_bauble, nicolae_shop_gadgets

Skill      XL: |  1  2  3  4  5  6  7 |
---------------+----------------------+-----
Conjurations   | 2 3 4 |  4.8
Spellcasting   | 4 5 6 |  6.0
Fire Magic     | 4 5 |  5.7
Dodging        | 3 4 |  4.0
Fighting       | 1 |  1.8
Armour         | 1 |  1.9
Air Magic      | 1 |  1.8
Stealth        | |  2.4

Action                     |  1- 3 |  4- 6 |  7- 9 || total
---------------------------+-------+-------+-------++-------
  Melee: Rapier            |    26 |       |       ||    26
         Unarmed           |     2 |       |       ||     2
         Dagger            |       |    32 |       ||    32
   Cast: Foxfire           |   123 |   140 |    38 ||   301
         Scorch            |       |     9 |     3 ||    12
         Flame Wave        |       |       |     1 ||     1
   Stab: Sleeping          |     1 |     1 |       ||     2
 Armour: Robe              |    20 |    22 |     5 ||    47
  Dodge: Dodged            |    32 |    31 |    12 ||    75

Table legend: (Time is in decaauts)
 A = Elapsed time spent in this place.
 B = Non-inter-level travel time spent in this place.
 C = Inter-level travel time spent in this place.
 D = Time resting spent in this place.
 E = Time spent auto-exploring this place.
 F = Levels seen in this place.
 G = Mean time per level.
                   A        B        C        D        E       F      G
               +--------+--------+--------+--------+--------+-----+--------+
         Total |   6019 |   5910 |    109 |     22 |   5117 |   6 | 1003.2 |
       Dungeon |   6019 |   5910 |    109 |     22 |   5117 |   6 | 1003.2 |
               +--------+--------+--------+--------+--------+-----+--------+

Top non-repeatable levels by time:
     D:1: 1455 daAuts
     D:3: 1132 daAuts
     D:2: 961 daAuts
     D:4: 920 daAuts
     D:5: 843 daAuts
     D:6: 705 daAuts
